 Dungeon Crawl Stone Soup version 0.24.0-13-gcf9b3192b9 (webtiles) character file.

Game seed: 10282067577083141074, levelgen mode: deterministic

38706 Lanoc the Impaler (level 14, -7/116 HPs)
             Began as a Merfolk Berserker on Nov 10, 2019.
             Was the Champion of Trog.
             Mangled by a titanic slime creature (60 damage)
             ... on level 13 of the Dungeon.
             The game lasted 00:38:00 (13349 turns).

Lanoc the Impaler (Merfolk Berserker)              Turns: 13349, Time: 00:38:01

Health: -7/116     AC: 23    Str: 18    XL:     14   Next: 3%
Magic:  20/20      EV: 13    Int:  6    God:    Trog [******]
Gold:   912        SH:  0    Dex: 18    Spells: 13/13 levels left

rFire    . . .     SeeInvis +   x - +8 glaive of the Guard {elec, +Rage AC+5 SInv}
rCold    + . .     Gourm    .   (shield currently unavailable)
rNeg     . . .     Faith    +   v - +0 plate armour
rPois    .         Spirit   .   y - +1 hat
rElec    .         Reflect  .   g - scarf {repulsion}
rCorr    .         Harm     .   L - +2 pair of gloves
MR       +....                  (no boots)
Stlth    ..........             z - amulet of faith
HPRegen  0.29/turn              w - ring of see invisible
MPRegen  0.17/turn              a - ring of protection from cold

@: about to teleport, berserk cooldown, slowed, repel missiles, very slow
A: change form in water, swift swim, stealthy swim
a: Berserk, Trog's Hand, Brothers in Arms, Renounce Religion, Evoke Berserk Rage


You were on level 13 of the Dungeon.
You worshipped Trog.
Trog was exalted by your worship.
You were hungry.

You visited 2 branches of the dungeon, and saw 15 of its levels.
You also visited: Ice Cave.

You collected 912 gold pieces.

Inventory:

Hand Weapons
 x - the +8 glaive of the Guard (weapon) {elec, +Rage AC+5 SInv}
   (You found it in an ice cave)

   Occasionally, upon striking a foe, it will discharge some electrical energy
   and cause terrible harm.
   It affects your AC (+5).
   It lets you see invisible.
   It lets you go berserk.
 A - a +3 spear of flaming
 D - a +2 antimagic glaive
Armour
 g - a scarf of repulsion (worn)
 v - a +0 plate armour (worn)
 y - a +1 hat (worn)
 L - a +2 pair of gloves (worn)
Jewellery
 a - a ring of protection from cold (right hand)
 w - a ring of see invisible (left hand)
 z - an amulet of faith (around neck)
Wands
 B - a wand of polymorph (40)
 F - a wand of flame (10)
 I - a wand of digging (5)
Scrolls
 d - 2 scrolls of teleportation
 f - 2 scrolls of remove curse
 l - 3 scrolls of blinking {unknown}
 n - 2 scrolls of random uselessness {unknown}
 q - 3 scrolls of noise {unknown}
 r - a scroll of vulnerability {unknown}
 s - a scroll of fear {unknown}
 G - 2 scrolls of identify
 H - a scroll of magic mapping
 K - 2 scrolls of holy word {unknown}
Potions
 b - a potion of brilliance
 e - 3 potions of cancellation
 h - a potion of ambrosia {unknown}
 i - 6 potions of curing
 j - 3 potions of lignification {unknown}
 k - a potion of invisibility
 m - 4 potions of might
 o - 6 potions of heal wounds
 p - a potion of resistance {unknown}
 t - a potion of haste
 u - 4 potions of mutation
 C - a potion of flight
Miscellaneous
 J - a sack of spiders
Comestibles
 c - 19 rations


   Skills:
 + Level 12.4 Fighting
 * Level 15.7 Polearms
 + Level 8.9 Armour
 + Level 14.2 Dodging
 * Level 8.7 Evocations


You had 13 spell levels left.
You didn't know any spells.
Your spell library was empty.

Dungeon Overview and Level Annotations

Branches:
Dungeon (14/15)            Temple (1/1) D:5            Lair (0/6) D:9
    Orc (0/2) D:9          Vaults (0/5) D:13          IceCv (visited)

Altars:
Ashenzari
Cheibriados
Elyvilon
Hepliaklqana
Kikubaaqudgha
Okawaru
Qazlal
Ru
Uskayaw
Vehumet
Wu Jian
Xom
Yredelemnul
Zin

Shops:
D:9 [

Annotations:
D:8 1 runed translucent door, Arum's ghost, novice DsGl


Message History

The vault guard hits you with a +0 great mace!
You slash the enormous slime creature!
The enormous slime creature is heavily wounded.
A large slime creature splits.
You slash the enormous slime creature!
The enormous slime creature is severely wounded.
The enormous slime creature hits you!!!
You feel a strong urge to attack something.
You feel your anger nearly subside.
You are no longer berserk.
You are exhausted.
You feel yourself slow down. The slime creature closely misses you.
The slime creature misses you.
As you read the scroll of teleportation, it crumbles to dust.
You feel strangely unstable. The slime creature misses you.
The vault guard completely misses you.
The slime creature hits you but does no damage.
The titanic slime creature hits you!!!
Ouch! That really hurt!
You die...

#...###..(.......###...#
....##.##(.........#####
....#.............##
........#........(.#
)......##.........#####
...................#..##
......##...............#
.....##.........JJ##p..##
#######......#..@p.#....##
..# #......####.#......#
..# ###...### ####...###
.## #......# ##### .#
#......# .### #......##
...# #.......#
...#####......##
....##........#


You could see a vault guard, a titanic slime creature and a slime creature.

Vanquished Creatures
  Kirke (D:12)
  An ettin (D:12)
  A hydra (D:12)
  7 vault guards
  4 two-headed ogres
  A phantasmal warrior (D:12)
  Pikel (D:5)
  2 manticores
  6 ugly things
  4 cyclopes
  2 centaur zombies
  An ice statue (IceCv)
  A kobold demonologist (D:12)
  2 trolls
  14 polar bears (IceCv)
  Grinder (D:5)
  A hornet (D:12)
  Prince Ribbit (D:6)
  7 slime creatures
  6 hippogriffs
  Sigmund (D:2)
  A shadow (D:12)
  23 yaks
  A wraith (D:13)
  A vampire (D:11)
  A hog (D:12)
  A hungry ghost (D:9)
  Grum (D:9)
  A steam dragon (D:13)
  A water moccasin (D:8)
  4 sky beasts
  5 orc warriors
  Duvessa (D:6)
  2 ice beasts
  3 necrophages
  5 phantoms
  A slave (D:5)
  A black bear (D:9)
  8 ogres
  12 wolves
  2 centaurs
  A big kobold (D:11)
  10 bullfrogs
  3 wyvern zombies
  A gnoll sergeant (D:9)
  A water moccasin zombie (D:8)
  Dowan (D:6)
  A water moccasin skeleton (D:9)
  2 scorpions
  13 killer bees
  3 wights (D:8)
  A howler monkey (D:9)
  5 crimson imps
  6 jellies
  3 bullfrog zombies
  9 orc priests
  8 hounds
  5 bullfrog skeletons
  4 centaur skeletons
  2 iguanas
  10 orc wizards
  Natasha (thrice) (D:4)
  8 worker ants
  2 hound zombies
  4 gnolls (D:9)
  2 howler monkey skeletons
  13 adders
  2 shadow imps
  11 white imps (D:12)
  5 oozes (D:12)
  An adder zombie (D:6)
  3 worms
  2 dart slugs
  6 leopard geckos
  63 orcs
  9 bats
  6 giant cockroaches
  3 goblins (D:3)
  3 hobgoblins
  9 jackals
  4 quokkas
  4 frilled lizards
  9 kobolds
  4 rats
405 creatures vanquished.

Vanquished Creatures (collateral kills)
  Jorgrun (D:12)
  A frost giant (IceCv)
  A cyclops (D:12)
  A yak (IceCv)
  A wolf (IceCv)
  A white imp (D:12)
6 creatures vanquished.

Grand Total: 411 creatures vanquished

Notes
Turn   | Place    | Note
-------+----------+-------------------------------------------
     0 | D:1      | Lanoc the Merfolk Berserker began the quest for the Orb.
     0 | D:1      | Reached XP level 1. HP: 18/18 MP: 1/1
   170 | D:2      | Reached XP level 2. HP: 19/24 MP: 2/2
   292 | D:2      | Noticed Sigmund
   397 | D:2      | Killed Sigmund
   397 | D:2      | Reached skill level 6 in Polearms
   397 | D:2      | Reached XP level 3. HP: 30/30 MP: 3/3
   397 | D:2      | Reached XP level 4. HP: 37/37 MP: 4/4
   397 | D:2      | Reached XP level 5. HP: 42/42 MP: 5/5
   700 | D:3      | Reached ** piety under Trog
   843 | D:3      | Reached XP level 6. HP: 49/49 MP: 6/6
  1011 | D:3      | Reached skill level 7 in Polearms
  1311 | D:4      | Noticed Natasha
  1320 | D:4      | Killed Natasha
  1423 | D:4      | HP: 2/49 [iguana (9)]
  1523 | D:4      | Noticed an orc warrior
  1784 | D:4      | Killed an orc warrior
  1784 | D:4      | Reached skill level 8 in Polearms
  1784 | D:4      | Reached skill level 5 in Dodging
  1784 | D:4      | Reached XP level 7. HP: 47/55 MP: 7/7
  1793 | D:4      | Reached skill level 5 in Fighting
  1916 | D:4      | Found a white marble altar of Elyvilon.
  1918 | D:4      | Found an ornate altar of the Wu Jian Council.
  1918 | D:4      | Found a hazy altar of Hepliaklqana.
  1920 | D:4      | Found a glowing silver altar of Zin.
  1921 | D:4      | Found an iron altar of Okawaru.
  1947 | D:4      | Found a shattered altar of Ashenzari.
  1970 | D:4      | Noticed Natasha
  1987 | D:4      | Killed Natasha
  2017 | D:4      | Noticed Natasha
  2035 | D:4      | Reached skill level 9 in Polearms
  2038 | D:4      | Killed Natasha
  2038 | D:4      | Reached XP level 8. HP: 48/63 MP: 8/8
  2135 | D:4      | Reached *** piety under Trog
  2296 | D:4      | Found a sacrificial altar of Ru.
  2412 | D:5      | Entered Level 5 of the Dungeon
  2446 | D:5      | Found a stormy altar of Qazlal.
  2514 | D:5      | Found a staircase to the Ecumenical Temple.
  2529 | Temple   | Entered the Ecumenical Temple
  2625 | D:5      | Noticed Grinder
  2637 | D:5      | Reached skill level 10 in Polearms
  2644 | D:5      | Killed Grinder
  2822 | D:5      | Found a hide-covered altar of Uskayaw.
  2931 | D:5      | Found a snail-covered altar of Cheibriados.
  3087 | D:5      | Noticed Pikel
  3095 | D:5      | Killed Pikel
  3095 | D:5      | Reached skill level 11 in Polearms
  3095 | D:5      | Reached XP level 9. HP: 71/71 MP: 9/9
  3514 | D:6      | Noticed Prince Ribbit
  3520 | D:6      | Reached **** piety under Trog
  3528 | D:6      | Killed Prince Ribbit
  3670 | D:6      | Noticed Duvessa
  3670 | D:6      | Noticed Dowan
  3680 | D:6      | Reached skill level 12 in Polearms
  3685 | D:6      | Killed Dowan
  3695 | D:6      | Killed Duvessa
  5079 | D:8      | Reached XP level 10. HP: 79/79 MP: 10/10
  5112 | D:8      | Reached skill level 5 in Armour
  5806 | D:8      | Got a bloodstained spear
  5807 | D:8      | Identified the cursed +1 spear of Division {protect, rF+}
                  | (You found it on level 8 of the Dungeon)
  5908 | D:8      | Found a shimmering altar of Xom.
  5953 | D:8      | Noticed Arum's ghost (novice DsGl)
  5956 | D:8      | Found a runed translucent door.
  6299 | D:9      | Found a staircase to the Lair.
  6343 | D:9      | Noticed a two-headed ogre
  6364 | D:9      | Noticed Grum
  6386 | D:9      | Killed a two-headed ogre
  6394 | D:9      | Killed Grum
  6400 | D:9      | Reached skill level 10 in Dodging
  6630 | D:9      | Noticed a two-headed ogre
  6646 | D:9      | Killed a two-headed ogre
  6972 | D:9      | Reached ***** piety under Trog
  7133 | D:9      | Found Sycaotec's Armour Emporium.
  7133 | D:9      | Found a staircase to the Orcish Mines.
  7157 | D:9      | Reached XP level 11. HP: 89/89 MP: 11/11
  7360 | D:10     | Entered Level 10 of the Dungeon
  7543 | D:10     | Received a gift from Trog
  7864 | D:10     | Reached skill level 10 in Fighting
  8001 | D:10     | Noticed a two-headed ogre
  8013 | D:10     | Killed a two-headed ogre
  8774 | D:11     | Noticed a manticore
  8791 | D:11     | Killed a manticore
  8981 | D:11     | Reached skill level 1 in Evocations
  9303 | D:12     | Noticed Jorgrun
  9303 | D:12     | Noticed a cyclops
  9320 | D:12     | Found a frozen archway.
  9320 | D:12     | Noticed a seven-headed hydra
  9336 | D:12     | Killed a seven-headed hydra
  9336 | D:12     | Reached XP level 12. HP: 100/100 MP: 13/13
  9566 | D:12     | Killed Jorgrun
  9589 | IceCv    | Entered an ice cave
  9640 | IceCv    | Received a gift from Trog
 10399 | IceCv    | Found the +8 glaive of the Guard {elec, +Rage AC+5 SInv}
 10515 | IceCv    | Noticed a frost giant
 10527 | IceCv    | Killed a frost giant
 10527 | IceCv    | Reached skill level 13 in Polearms
 10527 | IceCv    | Reached skill level 5 in Evocations
 10986 | D:12     | Noticed a two-headed ogre
 10991 | D:12     | Killed a two-headed ogre
 11015 | D:12     | Reached XP level 13. HP: 107/107 MP: 17/17
 11110 | D:12     | Noticed Kirke
 11114 | D:12     | Killed Kirke
 11114 | D:12     | Reached skill level 14 in Polearms
 11177 | D:12     | Found a radiant altar of Vehumet.
 11542 | D:12     | Reached ****** piety under Trog
 11796 | D:12     | Received a gift from Trog
 11825 | D:12     | Noticed an ettin
 12068 | D:12     | Killed an ettin
 12492 | D:13     | Found a basalt altar of Yredelemnul.
 12518 | D:13     | Reached skill level 15 in Polearms
 12553 | D:13     | Noticed a vault guard
 12553 | D:13     | Noticed a vault guard
 12554 | D:13     | Noticed a vault guard
 12554 | D:13     | Noticed a vault guard
 12555 | D:13     | Found a gate to the Vaults.
 12555 | D:13     | Noticed a vault guard
 12555 | D:13     | Noticed a vault guard
 12555 | D:13     | Noticed a vault guard
 12555 | D:13     | Noticed a vault guard
 12607 | D:12     | Killed a vault guard
 12616 | D:12     | Killed a vault guard
 12654 | D:12     | Killed a vault guard
 12849 | D:13     | Killed a vault guard
 13029 | D:13     | Killed a vault guard
 13029 | D:13     | Received a gift from Trog
 13042 | D:13     | Killed a vault guard
 13195 | D:14     | Reached XP level 14. HP: 93/116 MP: 20/20
 13349 | D:13     | Mangled by a titanic slime creature

Levels and vault maps discovered:
D:1:      wheals_arrival_shading, layout_loops_ring, minmay_stone_trees_medium,
          minmay_misc_feat_encased, minmay_misc_feat_enclosed,
          minmay_pentomino_z2
D:2:      layout_rooms, hangedman_decor_push, roderic_serpentine_path,
          minmay_tripent, uniq_sigmund
D:3:      layout_rooms
D:4:      layout_cave_pools, nicolae_ru_sacrificial_ziggurat,
          grunt_temple_overflow_open, first_ration, ashenzari_altar_1,
          uniq_natasha
D:5:      layout_basic, kennysheep_mini_moat, kennysheep_little_box,
          minmay_temple_entry_sparse_star, grunt_ministairs_12,
          kennysheep_slug_shrine, uniq_pikel, uniq_grinder
D:6:      cheibrodos_helix_gallery, layout_basic,
          nicolae_overflow_hidden_temple, uniq_prince_ribbit1, uniq_duvessa
D:7:      layout_basic
D:8:      layout_layer_cave, hellmonk_ghost_happy_afterlife,
          brannock_xom_greatest_gift
D:9:      layout_cross, dpeg_oklobed_lair, orc_david_3, uniq_grum
D:10:     layout_long_grid
D:11:     layout_small_grid
D:12:     layout_loops_cross, basic_altar, portal_ice_cave_entry_imps,
          hangedman_little_slice_of_home, wad_scary_box, uniq_kirke,
          uniq_jorgrun
D:13:     layout_cave_pools, erik_vaults_2, yredelemnul_altar_generic
D:14:     minmay_stepped, layout_cave_pools, nicolae_dithmenos_shadow_blocks,
          nicolae_two_hexagons, onia_ninara_dug_in_and_dangerous
Temple:   minmay_temple_bridge_abc

Skill      XL: |  1  2  3  4  5  6  7  8  9 10 11 12 13 |
---------------+----------------------------------------+-----
Dodging        | 4 5 7 8 10 12 13 14 | 14.2
Fighting       | 4 5 6 7 9 11 12 | 12.4
Polearms       | 6 8 9 11 12 13 15 | 15.7
Armour         | 2 3 4 6 7 8 |  8.9
Evocations     | 2 6 8 |  8.7

Action                   |  1- 3 |  4- 6 |  7- 9 | 10-12 | 13-15 || total
-------------------------+-------+-------+-------+-------+-------++-------
Melee: Spear             |    71 |   171 |   467 |   945 |       ||  1654
       Tailslap          |       |       |     3 |    15 |       ||    18
       Glaive            |       |       |       |   145 |   258 ||   403
Invok: Berserk           |     4 |     6 |    13 |    29 |     7 ||    59
       Trog's Hand       |       |       |       |     3 |     1 ||     4
       Brothers in Arms  |       |       |       |     2 |       ||     2
  Use: Scroll            |       |     4 |       |     7 |     2 ||    13
       Potion            |       |     2 |       |     2 |       ||     4
 Stab: Sleeping          |     1 |     3 |       |       |       ||     4
       Distracted        |       |       |       |     1 |       ||     1
  Eat: Chunk             |     1 |    10 |    21 |    29 |    15 ||    76
       Ration            |       |       |       |     6 |       ||     6
Armor: Animal skin       |     8 |     6 |       |       |       ||    14
       Scale mail        |       |    23 |    63 |    38 |       ||   124
       Plate armour      |       |       |       |   278 |   110 ||   388
Dodge: Dodged            |    37 |    86 |   153 |   456 |   138 ||   870
       Deflected         |       |       |     4 |    11 |     8 ||    23
